 BcadrenCrawl: Boulder Brew version 0.04.2-10-g17648f679b (webtiles) character file.

Game seed: 7380477127240117234, levelgen mode: deterministic

109 gruber the Shooter (level 4, -1/41 HPs) Centaur Hunter. Began on May 2, 2021. Slain by a sewer rat (2 damage) ... on level 2 of the Dungeon. The game lasted 00:02:21 (963 turns).

gruber the Shooter (Centaur Hunter)                  Turns: 963, Time: 00:02:21

Health: -1/41      AC:  4    Str: 18    XL:     4 ^: 40
Magic:  4/4        EV:  9    Int: 11    God:
Gold:   99         SH:  0    Dex:  9    Spells: 3/3 levels left

rFire    . . .     Vision   .   b - +0 short sword
rCold    . . .     Gourm    .   (no weapon)
rNeg     . . .     Faith    .   c - +0 leather armour
rPois    .         Spirit   .   (no helmet)
rElec    .         Reflect  .   (no cloak)
rCorr    .         Harm     .   (no gloves)
MR       .....                  (no barding)
Stlth    +.........             (no amulet)
HPRegen  0.23/turn              (no ring)
MPRegen  0.14/turn              (no ring)

@: lethally poisoned (-1 -> -22), very quick
A: large, hooves 3, deformed body, speed 2, tough skin 3
a: no special abilities


You were on level 2 of the Dungeon.
You were not hungry.

You visited 1 branch of the dungeon, and saw 2 of its levels.

You collected 99 gold pieces.

Inventory:

Weapons
 a - a +1 shortbow
 b - a +0 short sword (weapon)
Armour
 c - a +0 leather armour (worn)
Scrolls
 e - a scroll of fog
 g - 2 scrolls of fear
 k - a scroll of enchantment
Potions
 f - a potion of cancellation
 h - a potion of magic
 i - a potion of curing
 j - a potion of invisibility
Comestibles
 d - 2 rations


   Skills:
 * Level 4.4 Fighting
 - Level 5.3 Bows
 - Level 1.3 Dodging
 - Level 0.4 Stealth


You had 3 spell levels left.
You didn't know any spells.
Your spell library was empty.

Dungeon Overview and Level Annotations

Branches:
Dungeon (2/8)

Altars:


Innate Abilities, Weirdness & Mutations

You have hooves in place of feet.
Armour fits poorly on your strangely shaped body.
You cover ground very quickly.
You have extremely tough skin. (AC +3)


Message History

Unknown command.
You are too injured to fight recklessly!
Unknown command.
You are too injured to fight recklessly!
Unknown command.
You hit the water moccasin (6).
You hit the water moccasin but do no damage.
Your kick misses the water moccasin.
The water moccasin is severely wounded. (9/25) HP You feel very sick. (3)
The water moccasin bites you (7)!
* * * LOW HITPOINT WARNING * * *
The sewer rat closely misses you (0). The water moccasin bites you (6).
* * * LOW HITPOINT WARNING * * *
You barely miss the water moccasin. You miss the water moccasin.
* * * LOW HITPOINT WARNING * * *
You feel sick. (2)
The water moccasin bites you but does no damage.
The sewer rat bites you (2).
You die...

#≈.≈.≈≈.# .## # #≈>.≈≈≈.#
... #≈ #..≈≈≈≈≈#
#..#.########≈.≈≈≈≈≈#
#....≈≈.......≈≈≈≈≈#
#.##......≈#.≈≈≈≈≈#
#≈[.§.....†....;≈†#####.
###.§§.r..≈##.≈.....≈≈...
#....≈lS@.##..≈≈≈†<#≈....
#....######...≈≈≈≈≈#.....
#.... #..#.≈≈≈≈≈......
##≈r. ##≈..≈≈≈≈.......
#... ###.≈≈≈≈...≈.≈. .#l#
#...≈≈≈...###≈ $§..
.≈≈≈≈≈≈≈≈... ≈. ≈≈
≈≈≈≈≈≈≈≈..≈≈≈


You could see a water moccasin, a submerged cinder newt and a sewer rat.

Vanquished Creatures
  3 giant cockroaches
  2 cinder newts
  A worm (D:1)
  An ooze (D:1)
  4 dart slugs (D:1)
  2 leopard geckos (D:1)
  3 goblins (D:1)
  4 hobgoblins (D:1)
  6 kobolds (D:1)
  3 bats
  4 rats (D:1)
33 creatures vanquished.

Vanquished Creatures (others)
  5 withered plants (D:2)
5 creatures vanquished.

Grand Total: 38 creatures vanquished

Notes
Turn   | Place    | Note
-------+----------+-------------------------------------------
     0 | D:1      | gruber the Centaur Hunter began the quest for the Orb.
     0 | D:1      | Reached XP level 1. HP: 17/17 MP: 1/1
   118 | D:1      | Reached XP level 2. HP: 23/25 MP: 2/2
   182 | D:1      | Reached XP level 3. HP: 28/31 MP: 3/3
   432 | D:1      | Reached XP level 4. HP: 29/40 MP: 4/4
   952 | D:2      | Noticed a water moccasin
   963 | D:2      | HP: 1/41 [poisoned by a water moccasin]
   963 | D:2      | Slain by a sewer rat

Levels and vault maps discovered:
D:1:      dpeg_arrival_circle_labyrinth_c, layout_basic,
          cheibrodos_sewer_entry_bend
D:2:      layout_sewer, kennysheep_mini_moat, gammafunk_temple_overflow_wave,
          elyvilon_niche, serial_shops, nicolae_shop_trees, minivault_27,
          uniq_menkaure, uniq_duvessa, uniq_ijyb

Skill      XL: |  1  2  3  4 |
---------------+-------------+-----
Fighting       | 2 3 4 |  4.4
Bows           | |  5.3
Dodging        | |  1.3
Stealth        | |  0.4

Action                   |  1- 3 |  4- 6 || total
-------------------------+-------+-------++-------
Melee: Short sword       |    51 |    19 ||    70
       Unarmed           |    35 |    14 ||    49
       Kick              |     7 |     3 ||    10
 Fire: Shortbow          |     5 |       ||     5
Armor: Leather armour    |    15 |     9 ||    24
Dodge: Dodged            |    14 |     5 ||    19
